Map: [TLMC15] Berlingrad

Players

Maru

  • Race: Terran Terran

Dark - Winner!

  • Race: Zerg Zerg

Event: DreamHack SC2 Masters Last Chance 2022

VOD

Have the link to the VOD?

Description

Time

  • Played on: Jan. 15, 2022, 1:08 p.m.
  • Length: 5:52

All games in this series

Show
View Real Time Build Order
Export as new Build Order

Maru Terran 

Build Orders:  

Get SALT Encoding   

  12  0:00  SCV  
  13  0:12  SCV  
  14  0:20  Supply Depot  
  14  0:24  SCV  
  15  0:41  SCV  
  15  0:42  Barracks  
  16  0:44  Refinery  
  16  0:53  SCV  
  17  1:02  Barracks  
  17  1:05  SCV  
  18  1:17  SCV  
  19  1:29  Reaper, Orbital Command  
  20  1:34  Supply Depot  
  20  1:49  Reaper  
  21  1:56  SCV  
  22  2:05  Reaper  
  22  2:08  SCV  
  24  2:11  Command Center  
  24  2:17  Refinery  
  24  2:20  SCV  
  25  2:26  Marine  
  26  2:32  SCV  
  26  2:36  Marine  
  28  2:44  SCV  
  29  2:52  Factory  
  29  2:55  Barracks Reactor  
  29  2:56  SCV  
  30  3:08  SCV  
  31  3:23  SCV  
  31  3:25  Orbital Command  
  31  3:26  Command Center  
  32  3:33  Barracks Tech Lab  
  32  3:35  SCV  
  32  3:37  Starport  
  35  3:41  Hellion  
  35  3:42  Hellion  
  35  3:47  SCV  
  38  3:50  Supply Depot  
  38  3:51  SCV  
  39  3:59  SCV  
  39  4:00  Bunker  
  40  4:03  SCV  
  40  4:04  Hellion  
  40  4:05  Marine  
  44  4:12  SCV  
  43  4:20  SCV  
  39  4:26  Marine  
  34  4:39  Bunker  
  34  4:44  Marine  
  34  4:45  Orbital Command  
  33  4:49  SCV  
  21  5:01  SCV  
  21  5:02  Marine  
  21  5:10  Marine  
  21  5:11  Orbital Command  
  21  5:20  SCV, Marine  
  16  5:28  Marine  
Show
View Real Time Build Order
Export as new Build Order

Dark Zerg - Winner!

Build Orders: Hatch First, Ravager All-In 

Get SALT Encoding   

  12  0:00  Drone  
  13  0:12  Overlord  
  13  0:18  Drone  
  14  0:31  Drone x2  
  16  0:48  Hatchery  
  15  0:50  Drone  
  15  0:55  Drone  
  17  0:59  Drone  
  18  1:09  Extractor  
  17  1:14  Spawning Pool  
  17  1:15  Drone  
  17  1:19  Drone  
  18  1:29  Drone  
  19  1:39  Drone  
  20  1:51  Drone  
  21  2:01  Queen x2  
  21  2:04  Zergling x4  
  21  2:05  Roach Warren  
  26  2:16  Metabolic Boost  
  26  2:22  Spore Crawler  
  25  2:23  Zergling x2  
  25  2:25  Drone x2  
  25  2:27  Extractor  
  26  2:43  Overlord x2  
  27  3:01  Roach x5  
  37  3:09  Overlord  
  37  3:25  Overlord  
  37  3:28  Ravager x2, Zergling x2  
  37  3:29  Zergling x6  
  43  3:36  Overlord  
  43  3:45  Ravager  
  43  3:46  Zergling x4  
  46  3:50  Zergling x2  
  46  3:51  Zergling x2  
  49  3:59  Ravager  
  49  4:05  Zergling x8  
  51  4:27  Zergling x6  
  51  4:28  Ravager  
  52  4:33  Zergling x6  
  52  4:34  Zergling x4  
  54  4:40  Zergling x2  
  53  4:52  Zergling x8  
  41  5:06  Zergling x6  
  42  5:13  Zergling x2  
  42  5:18  Zergling x2  
  40  5:25  Roach x4  
  40  5:26  Roach  
  40  5:27  Roach  
  46  5:32  Roach  

Tags
 
Add a new tag
Caveats
  • Supply blocks, unpowered buildings, or Contaminate may cause inaccurate times.
  • Supply counts are checked every 10 seconds.